AoeStats
← 欢乐小菜鸟

Arena

507042620Analyzed
4v4 RM · 15d ago on Sep 16, 2026· 43m 7s· 8 players
Game mode
Random Map
Map size
Large (8 player)
Population
200
Speed
Normal
Resources
Standard
Victory
Conquest
Starting age
Dark Age
Ending age
Imperial Age
RankedLock teamsTeams togetherTeam positionsShared explorationLock speedFull tech treeHidden civsTurbo modeCheats
Victory
Defeat
🇨🇳 Franks · China
925
+16
🇨🇳 Huns · China
911
+17
🇭🇰 Mongols · Hong Kong SAR China
906
+17
🇦🇺 Lithuanians · Australia
903
+17
🇹🇷 Bohemians · Türkiye
977
-19
🇦🇺 Khmer · Australia
952
-18
🇹🇷 Cumans · Türkiye
945
-17
🇮🇶 Huns · Iraq
848
-13
棋怪、真奇怪
11:02 Feudal Age
14:47 Castle Age
12:53 Horse Collar
13:05 Double-Bit Axe
19:03 Heavy Plow
22:39 Loom
24:30 Bow Saw
25:30 Gold Mining
26:30 Wheelbarrow
27:57 Marauders
31:03 Imperial Age
28:43 Husbandry
28:54 Bloodlines
29:00 Scale Barding Armor
30:13 Ballistics
31:28 Forging
31:39 Chain Barding Armor
31:17 Elite Tarkan
33:37 Chemistry
32:20 Cavalier
33:43 Gold Shaft Mining
34:12 Two-Man Saw
33:56 Paladin
39:30 Plate Barding Armor
39:33 Iron Casting
39:59 Fletching
欢乐小菜鸟
11:11 Feudal Age
15:16 Castle Age
13:20 Double-Bit Axe
16:29 Wheelbarrow
16:31 Bow Saw
21:41 Hand Cart
28:39 Imperial Age
26:24 Gold Mining
26:24 Stone Mining
26:38 Loom
27:55 Gold Shaft Mining
27:56 Scale Barding Armor
28:56 Chain Barding Armor
28:50 Forging
28:56 Town Watch
28:41 Cavalier
30:39 Plate Barding Armor
31:05 Iron Casting
29:56 Paladin
30:37 Husbandry
34:32 Blast Furnace
35:15 Fletching
36:16 Chivalry
36:36 Conscription
36:54 Hoardings
37:23 Scale Mail Armor
36:46 Pikeman
37:26 Squires
37:12 Gambesons
37:12 Arson
39:10 Chain Mail Armor
38:50 Bodkin Arrow
38:56 Padded Archer Armor
39:04 Halberdier
42:26 Chemistry
41:32 Siege Engineers
John Rambo
3:18 Loom
3:50 Loom
9:56 Feudal Age
10:37 Double-Bit Axe
10:33 Horse Collar
16:45 Castle Age
24:22 Heavy Plow
28:20 Imperial Age
26:24 Bow Saw
26:47 Fletching
26:57 Padded Archer Armor
26:55 Gold Mining
26:59 Stone Mining
28:21 Ballistics
28:57 Gold Shaft Mining
28:52 Leather Archer Armor
29:25 Bodkin Arrow
30:33 Wheelbarrow
29:44 Town Watch
30:04 Murder Holes
31:12 Chemistry
30:30 Bracer
31:26 Conscription
30:44 Capped Ram
32:26 Parthian Tactics
33:11 Hand Cart
33:20 Forging
33:16 Scale Barding Armor
34:13 Elite Mangudai
34:48 Siege Ram
36:56 Drill
36:37 Nomads
37:05 Husbandry
37:15 Bloodlines
37:28 Caravan
nmcdo71
10:59 Feudal Age
10:07 Loom
14:59 Castle Age
15:05 Double-Bit Axe
15:20 Horse Collar
19:09 Bloodlines
19:00 Husbandry
21:48 Wheelbarrow
21:26 Bow Saw
25:01 Gold Mining
27:38 Forging
27:34 Scale Barding Armor
28:55 Town Watch
32:26 Iron Casting
32:12 Chain Barding Armor
32:28 Hand Cart
37:30 Imperial Age
37:36 Cavalier
39:05 Plate Barding Armor
39:16 Paladin
42:02 Heavy Plow
43:05 Two-Man Saw
41:59 Stone Mining
richnoob575
8:54 Loom
10:39 Feudal Age
14:54 Castle Age
14:34 Horse Collar
21:08 Double-Bit Axe
21:38 Husbandry
26:15 Bow Saw
26:54 Gold Mining
30:03 Scale Barding Armor
30:09 Forging
34:19 Imperial Age
32:26 Wheelbarrow
33:27 Iron Casting
33:32 Husbandry
34:35 Hand Cart
34:51 Chain Barding Armor
34:35 Fletching
36:04 Blast Furnace
36:39 Plate Barding Armor
35:46 Elite Battle Elephant
37:12 Bloodlines
36:56 Elite Skirmisher
38:52 Fletching
39:02 Padded Archer Armor
Eskiçeri
11:58 Feudal Age
16:31 Castle Age
16:05 Horse Collar
16:17 Double-Bit Axe
19:31 Bow Saw
24:38 Wheelbarrow
24:52 Bloodlines
25:40 Thumb Ring
31:23 Imperial Age
29:31 Hand Cart
29:43 Padded Archer Armor
29:33 Fletching
29:54 Forging
29:49 Scale Barding Armor
30:22 Gold Mining
30:34 Heavy Plow
31:38 Leather Archer Armor
31:19 Bodkin Arrow
33:59 Ballistics
34:23 Parthian Tactics
33:19 Heavy Cavalry Archer
36:31 Ring Archer Armor
36:36 Iron Casting
36:22 Chain Barding Armor
37:07 Chemistry
36:21 Stone Mining
37:08 Gold Shaft Mining
cormano
12:38 Feudal Age
16:57 Castle Age
18:03 Horse Collar
18:12 Double-Bit Axe
29:15 Imperial Age
27:27 Wheelbarrow
26:57 Heavy Plow
28:17 Bow Saw
29:16 Chemistry
29:00 Hand Cart
31:48 Padded Archer Armor
32:10 Ballistics
32:16 Conscription
31:23 Pikeman
32:04 Squires
32:16 Halberdier
34:14 Leather Archer Armor
34:00 Scale Mail Armor
34:10 Forging
36:26 Chain Mail Armor
36:47 Iron Casting
ahmadziad777
0:28 Loom
12:11 Feudal Age
13:45 Wheelbarrow
12:59 Double-Bit Axe
12:57 Horse Collar
16:58 Gold Mining
17:20 Stone Mining
20:46 Castle Age
21:26 Forging
21:22 Scale Barding Armor
22:38 Bow Saw
22:32 Heavy Plow
25:30 Husbandry
25:44 Bloodlines
25:43 Caravan
26:25 Hand Cart
29:03 Iron Casting
28:49 Chain Barding Armor
30:21 Marauders
34:27 Imperial Age
32:43 Gold Shaft Mining
31:44 Light Cavalry
35:01 Cavalier
38:31 Conscription
Connection lost

Rejoining the realm…

Still unreachable

The connection could not be restored.

Session expired

The server has moved on; the page needs a fresh start.